cohdb
Replays
Latest Replays
All Replays
Popular Replays
Top Player Replays
Match Explorer
How It Works
Community
CoH3 Stats
Reddit
Sign in to upload your games and track your stats! →
Sign in with Steam
Match 40860884
Unlisted
Match 40860884
Overview
Messages
Build Orders
End
Construct Barracks
Engineer Squad
Riflemen Squad
Riflemen Squad
Construct Weapon Support Center
Riflemen Squad
M1919 Machine Gun Team
Mechanized Support Center
M1918 Browning Automatic Rifles
Selects Armored Battlegroup
Selects Strength in Steel
Selects Veteran Crews
Riflemen Squad
Construct Motor Pool
M8 Greyhound Armored Car
只有框A才能打败框A
喊乌拉的德棍123
gao
Narangd
0
0
Comments
sign in to comment!
No comments posted yet!